Map: Prion Terraces

Players

SnowEagle

  • Race: Protoss Protoss
  • League: Silver

CKPE - Winner!

  • Race: Protoss Protoss
  • League: Gold

VOD

Have the link to the VOD?

Description

Time

  • Played on: Jan. 16, 2016, 10:12 a.m.
  • Length: 5:44
Show
View Real Time Build Order
Export as new Build Order

SnowEagle Protoss 

Build Orders:  

Get SALT Encoding   

  12  0:02  Probe (Chrono Boost)  
  13  0:12  Probe (Chrono Boost)  
  14  0:18  Pylon  
  14  0:23  Probe (Chrono Boost)  
  15  0:36  Probe (Chrono Boost)  
  15  0:39  Gateway  
  16  0:47  Probe (Chrono Boost)  
  16  0:49  Assimilator  
  17  0:57  Probe (Chrono Boost)  
  17  1:00  Pylon  
  18  1:08  Probe (Chrono Boost)  
  20  1:18  Probe (Chrono Boost)  
  20  1:28  Cybernetics Core  
  20  1:30  Zealot  
  22  1:39  Probe (Chrono Boost)  
  23  1:42  Assimilator  
  23  1:46  Pylon  
  23  1:49  Probe (Chrono Boost)  
  24  2:13  Nexus  
  24  2:18  Mothership Core (Chrono Boost)  
  24  2:19  Warp Gate  
  26  2:26  Pylon  
  26  2:36  Probe (Chrono Boost)  
  27  2:51  Robotics Facility  
  27  2:57  Pylon  
  27  2:59  Probe (Chrono Boost)  
  28  3:12  Probe (Chrono Boost)  
  29  3:16  Gateway  
  29  3:20  Gateway  
  29  3:26  Probe x2 (Chrono Boost)  
  31  3:31  Gateway  
  31  3:36  Probe x2 (Chrono Boost)  
  33  3:43  Gateway  
  33  3:48  Probe (Chrono Boost)  
  34  3:49  Probe (Chrono Boost)  
  35  3:57  Gateway  
  35  4:09  Gateway  
  17  4:46  Stalker x2  
  17  4:47  Stalker x2  
  25  4:59  Probe x2 (Chrono Boost)  
  27  5:09  Probe (Chrono Boost)  
  27  5:10  Probe (Chrono Boost)  
  29  5:20  Probe (Chrono Boost)  
Show
View Real Time Build Order
Export as new Build Order

CKPE Protoss - Winner!

Build Orders: Oracle Opening 

Get SALT Encoding   

  12  0:02  Probe (Chrono Boost)  
  13  0:13  Probe (Chrono Boost)  
  14  0:22  Pylon  
  14  0:25  Probe (Chrono Boost)  
  15  0:32  Assimilator  
  15  0:42  Gateway  
  15  0:47  Probe (Chrono Boost)  
  16  0:58  Probe (Chrono Boost)  
  16  1:03  Forge  
  17  1:14  Assimilator  
  17  1:17  Probe (Chrono Boost)  
  18  1:27  Probe (Chrono Boost)  
  19  1:33  Cybernetics Core  
  19  1:38  Pylon  
  19  1:51  Photon Cannon  
  19  1:53  Pylon  
  19  1:58  Probe (Chrono Boost)  
  21  2:08  Probe (Chrono Boost)  
  21  2:12  Stargate  
  21  2:19  Mothership Core (Chrono Boost)  
  23  2:25  Warp Gate (Chrono Boost)  
  23  2:35  Photon Cannon  
  23  2:40  Probe  
  24  2:56  Oracle  
  27  3:17  Nexus  
  27  3:25  Pylon  
  27  3:40  Void Ray  
  31  3:53  Photon Cannon  
  31  4:39  Void Ray  
  31  4:43  Probe  
  36  4:53  Assimilator  
  36  4:54  Probe (Chrono Boost)  
  36  4:57  Assimilator  
  37  5:01  Pylon  
  37  5:03  Probe (Chrono Boost), Photon Cannon  
  37  5:06  Probe (Chrono Boost)  
  40  5:14  Probe (Chrono Boost)  
  40  5:17  Probe (Chrono Boost)  
  41  5:25  Probe (Chrono Boost)  
Tags
 
Add a new tag
Caveats
  • Supply blocks, unpowered buildings, or Contaminate may cause inaccurate times.
  • Supply counts are checked every 10 seconds.